 Dungeon Crawl Stone Soup version 0.31-a0-640-g39d97e502b (webtiles) character file.

Game seed: 9492153653002092225

338 CowFu the Ruffian (level 6, -3/51 HPs)
             Began as a Naga Shapeshifter on Aug 28, 2023.
             Slain by Duvessa
             ... wielding a +0 short sword of holy wrath
              (10 damage)
             ... on level 5 of the Dungeon.
             The game lasted 00:04:40 (4404 turns).

CowFu the Ruffian (Naga Shapeshifter)               Turns: 4404, Time: 00:04:41

Health: -3/51      AC:  3    Str: 18    XL:     6   Next: 55%
Magic:  6/6        EV:  6    Int: 11    God:
Gold:   212        SH: 11    Dex: 13    Spells: 5/5 levels left

rFire   + .          .
                       - Unarmed
rCold   x . .        j - +0 tower shield
rNeg    . . .        a - +0 animal skin
rPois   +            (helmet currently unavailable)
rElec   .            (cloak currently unavailable)
rCorr   .            (gloves currently unavailable)
SInv    +            (no barding)
Will    +....        y - amulet of Ignis's Regard {Acrobat rF+ rC- Int+2 Dex+3}
Stlth   +            w - ring of willpower
HPRegen 0.28/turn    (no ring)
MPRegen 0.10/turn

%: acrobat
@: beast-form, very slow
A: beast (slay +2), AC +2, large, see invisible, deformed body, poison
resistance, slowness 2, spit poison 1, naga tail 1, stinger 1, dopey 1, sense
surroundings 1
a: Spit Poison, Begin Untransformation


You were on level 5 of the Dungeon.
You were a hulking beast.
You visited 1 branch of the dungeon, and saw 5 of its levels.

You collected 212 gold pieces.

Inventory:

Armour
 a - a +0 animal skin (worn)
 j - a +0 tower shield (worn)
 o - a +0 cloak
 q - a +0 pair of gloves
 u - a +0 helmet
Jewellery
 g - an amulet of reflection
 w - a ring of willpower (left hand)
 y - the amulet of Ignis's Regard (around neck) {Acrobat rF+ rC- Int+2 Dex+3}
   (You found it on level 4 of the Dungeon)

   [amulet of the acrobat]

   Acrobat:   It increases your evasion while moving and waiting.
   Int+2:     It affects your intelligence (+2).
   Dex+3:     It affects your dexterity (+3).
   rF+:       It protects you from fire.
   rC-:       It makes you vulnerable to cold.
 A - a +4 ring of protection
Talismans
 c - a beast talisman (active)
 d - a flux talisman
Scrolls
 e - 3 scrolls of fog {unknown}
 i - a scroll of fear {unknown}
 k - a scroll of brand weapon {unknown}
 n - a scroll of summoning {unknown}
 p - a scroll of torment {unknown}
 r - 2 scrolls of identify {unknown}
 t - a scroll of noise {unknown}
 x - a scroll of blinking {unknown}
 z - a scroll of teleportation {unknown}
Potions
 b - 3 potions of lignification
 f - 2 potions of curing
 h - 2 potions of cancellation {unknown}
 l - 2 potions of degeneration {unknown}
 m - 2 potions of heal wounds {unknown}
 s - a potion of might {unknown}
 v - a potion of ambrosia {unknown}


   Skills:
 - Level 1.0 Fighting
 - Level 1.5 Dodging
 + Level 5.4 Unarmed Combat
 + Level 5.1 Shapeshifting


You had 5 spell levels left.
You didn't know any spells.
Your spell library contained the following spells:

 Spells                   Type           Power      Damage    Failure   Level
 Magic Dart               Conj           0%         1d3       99%         1
 Call Imp                 Summ           0%         N/A       100%        2
 Gell's Gravitas          Tloc           0%         N/A       100%        3
 Mephitic Cloud           Conj/Pois/Air  0%         N/A       100%        3
 Summon Guardian Golem    Hex/Summ       0%         N/A       100%        3
 Teleport Other           Tloc           0%         N/A       100%        3
 Dispersal                Tloc           0%         N/A       100%        6
 Orb of Destruction       Conj           0%         9d5       100%        7
 Spellforged Servitor     Conj/Summ      0%         N/A       100%        7


Dungeon Overview and Level Annotations

Branches:
Dungeon (5/15)
 Temple: D:4-7

Altars:
Ashenzari
Cheibriados
Gozag
Kikubaaqudgha
Nemelex Xobeh
Okawaru
Zin

Annotations:
D:4 1 runed translucent door
D:5 Dowan, Duvessa


Innate Abilities, Weirdness & Mutations

You are a hulking beast.
Your limbs bulge with bestial killing power. (Slay +2)
Your serpentine skin is tough. (AC +2)
You have supernaturally acute eyesight. (SInv)
Armour fits poorly on your strangely shaped body.
Your system is resistant to poisons. (rPois)
You cover ground very slowly.
You can spit poison.
You have a snake-like lower body.
Your tail ends in a venomous barb.
You are dopey. (Int -2)
You passively map a small area around you.


Message History

Duvessa is lightly wounded.
Duvessa hits you with a +0 short sword of holy wrath.
You block Duvessa's attack.
You hit Duvessa.
Duvessa is moderately wounded.
You block Duvessa's attack.
Dowan hits you with a +0 dagger of pain.
You writhe in agony.
Duvessa hits you with a +0 short sword of holy wrath!
Okay, then.
You barely miss Duvessa.
Duvessa is moderately wounded.
Duvessa hits you with a +0 short sword of holy wrath!
You block Dowan's attack. You block Duvessa's attack.
Dowan hits you with a +0 dagger of pain.
* * * LOW HITPOINT WARNING * * *
You feel better.
Duvessa hits you with a +0 short sword of holy wrath.
You block Duvessa's attack.
Dowan hits you with a +0 dagger of pain.
* * * LOW HITPOINT WARNING * * *
Duvessa closely misses you. Duvessa attacks as she pursues you!
You block Duvessa's attack.
Duvessa says, "My weaknesses are his strengths!"
You block Duvessa's attack.
You hit Duvessa.
Duvessa is moderately wounded.
You block Duvessa's attack.
Duvessa hits you with a +0 short sword of holy wrath!
* * * LOW HITPOINT WARNING * * *
Dowan says, "My weaknesses are her strengths!"
You punch Duvessa!
Duvessa is severely wounded.
Duvessa hits you with a +0 short sword of holy wrath.
* * * LOW HITPOINT WARNING * * *
You block Duvessa's attack.
You hit Duvessa.
Duvessa is severely wounded.
Duvessa hits you with a +0 short sword of holy wrath!
You die...

, + .._... ,, #.# #.#
####†# * ...... #.#
#.# #.# .....#####.#
#.# #.# . ,,
......#....###.## #.#
. *+ #.⌠..$..##...###
#># * ,
#..#.#.........# #.#
* ,
#...e..###...#.####.#
,
#..#e####...........#
*#.##h# #..###.).####
* ... #............†#
.#. ######..###...# *
.. .. * *#..# #..## ,
. ..,, , ...#*#..#
..# ,,,,,, ...# ,* *
* #.#.# * #.#. * *


You could see Duvessa (fast) and Dowan.

Vanquished Creatures
  A hound (D:5)
  An orc priest (D:4)
  An iguana (D:5)
  Natasha (thrice) (D:2)
  2 gnolls
  3 adders
  A shadow imp (D:5)
  An ufetubus (D:5)
  A worm (D:4)
  4 dart slugs
  13 orcs
  3 ball pythons
  5 bats
  13 endoplasms
  6 giant cockroaches
  2 goblins
  6 hobgoblins
  6 jackals
  6 quokkas
  3 frilled lizards
  5 kobolds
  12 rats
98 creatures vanquished.

Notes
Turn   | Place    | Note
-------+----------+-------------------------------------------
     0 | D:1      | CowFu the Naga Shapeshifter began the quest for the Orb.
     0 | D:1      | Reached XP level 1. HP: 18/18 MP: 1/1
   213 | D:1      | Reached XP level 2. HP: 25/25 MP: 2/2
   267 | D:1      | Gained mutation: You are dopey. (Int -2) [potion of
                  | mutation]
   267 | D:1      | Gained mutation: You passively map a small area around you.
                  | [potion of mutation]
   267 | D:1      | Gained mutation: Your tail ends in a venomous barb. [potion
                  | of mutation]
   455 | D:1      | Reached XP level 3. HP: 25/31 MP: 3/3
  1523 | D:2      | Reached XP level 4. HP: 32/38 MP: 4/4
  1607 | D:2      | Found a sparkling altar of Nemelex Xobeh.
  1722 | D:2      | Noticed Natasha
  1728 | D:2      | Killed Natasha
  1749 | D:2      | Found a faded altar of an unknown god.
  1782 | D:2      | Prayed at the altar of an unknown god.
  1846 | D:2      | Noticed Natasha
  1852 | D:2      | Killed Natasha
  1863 | D:2      | Noticed Natasha
  1870 | D:2      | HP: 1/38 [Natasha (6)]
  1874 | D:2      | Killed Natasha
  1875 | D:2      | Reached XP level 5. HP: 14/44 MP: 5/5
  3189 | D:4      | Reached skill level 5 in Unarmed Combat
  3313 | D:4      | Identified the amulet of Ignis's Regard {Acrobat rF+ rC-
                  | Int+2 Dex+3}
  3381 | D:4      | Reached XP level 6. HP: 50/51 MP: 6/6
  3579 | D:4      | Found a runed translucent door.
  3580 | D:4      | Found an iron altar of Okawaru.
  3585 | D:4      | Found the +0 toga "Victory" {*Victory Clar}
  3712 | D:4      | Found a snail-covered altar of Cheibriados.
  3717 | D:4      | Found an ancient bone altar of Kikubaaqudgha.
  3765 | D:4      | Found an opulent altar of Gozag.
  4091 | D:5      | Entered Level 5 of the Dungeon
  4155 | D:5      | Reached skill level 5 in Shapeshifting
  4389 | D:5      | Noticed Duvessa
  4391 | D:5      | Found a broken altar of Ashenzari.
  4393 | D:5      | Noticed Dowan
  4404 | D:5      | Slain by Duvessa

Illustrated notes

Levels and vault maps discovered:
D:1:      minmay_arrival_pointy, layout_basic, serial_park_tiny_pond
D:2:      layout_loops_ring, basic_altar, chequers_ecumenical_altar_lobes,
          minmay_puff, uniq_natasha
D:3:      layout_basic
D:4:      layout_loops_ring, nicolae_overflow_guarded_unrand_okawaru_victory,
          mainiacjoe_overflow_boulevard, minitemple, hangedman_decor_growths
D:5:      layout_loops_ring, nicolae_sif_muna_little_library,
          evilmike_ruin_ashenzari, hangedman_decor_push, uniq_duvessa,
          uniq_crazy_yiuf_cottage, uniq_ijyb

Skill      XL: |  1  2  3  4  5  6 |
---------------+-------------------+-----
Unarmed Combat | 4 5 |  5.4
Shapeshifting  | 4 5 |  5.1
Fighting       | |  1.0
Dodging        | |  1.5

Action                     |  1- 3 |  4- 6 || total
---------------------------+-------+-------++-------
  Melee: Unarmed           |   104 |   213 ||   317
         Punch             |     1 |       ||     1
    Use: Potion            |     1 |     3 ||     4
   Stab: Sleeping          |       |     1 ||     1
 Armour: Animal skin       |    15 |    31 ||    46
  Dodge: Dodged            |    47 |    46 ||    93
  Block: Other             |    10 |       ||    10
         Tower shield      |    16 |   158 ||   174
         Reflection        |       |     2 ||     2
         Form:             |       |     1 ||     1
         Beast             |       |     1 ||     1

Table legend: (Time is in decaauts)
 A = Elapsed time spent in this place.
 B = Non-inter-level travel time spent in this place.
 C = Inter-level travel time spent in this place.
 D = Time resting spent in this place.
 E = Time spent auto-exploring this place.
 F = Levels seen in this place.
 G = Mean time per level.
                   A        B        C        D        E       F      G
               +--------+--------+--------+--------+--------+-----+--------+
         Total |   5677 |   5533 |    144 |      0 |   4472 |   5 | 1135.4 |
       Dungeon |   5677 |   5533 |    144 |      0 |   4472 |   5 | 1135.4 |
               +--------+--------+--------+--------+--------+-----+--------+

Top non-repeatable levels by time:
     D:1: 1725 daAuts
     D:2: 1471 daAuts
     D:4: 1317 daAuts
     D:3: 783 daAuts
     D:5: 380 daAuts
